Map: Solaris LE

Players

demzi

  • Race: Zerg Zerg
  • League: Diamond
  • Spawn Location: 1:00

MeroHerin - Winner!

  • Race: Zerg Zerg
  • League: Diamond
  • Spawn Location: 7:00

VOD

Have the link to the VOD?

Description

Time

  • Played on: March 24, 2024, 7:05 p.m.
  • Length: 3:59
Show
View Real Time Build Order
Export as new Build Order

demzi Zerg 

Build Orders: Hatch First 

Get SALT Encoding   

  12  0:10  Overlord  
  12  0:13  Drone  
  13  0:16  Drone  
  14  0:28  Drone  
  15  0:32  Drone  
  16  0:50  Hatchery  
  16  0:53  Drone  
  16  0:58  Drone  
  17  1:04  Drone  
  18  1:11  Extractor  
  18  1:17  Spawning Pool  
  16  1:20  Drone  
  17  1:25  Drone  
  18  1:36  Drone  
  19  1:47  Overlord  
  19  2:04  Queen x2  
  19  2:05  Zergling x4  
  25  2:10  Drone  
  25  2:13  Drone  
  27  2:22  Drone  
  28  2:23  Drone  
  29  2:30  Overlord  
  29  2:38  Drone  
  30  2:45  Drone x2  
  32  2:55  Hatchery  
  32  2:57  Roach Warren  
  30  2:59  Evolution Chamber  
  30  3:05  Drone x2, Spine Crawler  
  30  3:06  Drone  
  31  3:13  Queen  
  31  3:18  Drone x2  
  35  3:20  Drone  
  35  3:23  Drone  
  35  3:25  Drone  
  38  3:27  Drone  
  38  3:29  Drone  
  38  3:31  Drone  
Show
View Real Time Build Order
Export as new Build Order

MeroHerin Zerg - Winner!

Build Orders: Hatch First 

Get SALT Encoding   

  12  0:02  Drone  
  13  0:10  Drone  
  14  0:33  Hatchery  
  13  0:39  Drone  
  14  0:50  Extractor  
  14  0:52  Drone  
  14  1:02  Spawning Pool  
  13  1:04  Drone  
  14  1:15  Extractor, Drone  
  15  1:18  Overlord  
  15  1:49  Drone  
  15  1:52  Zergling x2, Queen  
  19  1:55  Queen  
  21  2:02  Metabolic Boost  
  21  2:10  Zergling x2  
  21  2:11  Zergling x2  
  23  2:22  Overlord  
  23  2:24  Zergling x4  
  23  2:25  Zergling x2  
  26  2:39  Overlord  
  26  2:41  Zergling x6  
  29  2:51  Zergling x2  
  30  3:03  Overlord  
  30  3:04  Zergling x2  
  30  3:05  Zergling x6  
  34  3:12  Zergling x4  
  36  3:19  Zergling x4  
  39  3:20  Zergling x2  
  39  3:27  Zergling x4  
  41  3:40  Spine Crawler  
Tags
 
Matchup
ZvZ
Race
Zerg
Replay Pack
Multiplayer
Spawn Locations
Cross Positions
Add a new tag
Caveats
  • Supply blocks, unpowered buildings, or Contaminate may cause inaccurate times.
  • Supply counts are checked every 10 seconds.